[Event "Championnat de France Universitaire 2022"]
[Site "Limoges, France"]
[Date "2022.02.06"]
[Round "7.2"]
[White "Gatineau, Yovann"]
[Black "Derige Kane, Yan"]
[Result "1-0"]
[TimeControl "15'+5''"]
[WhiteElo "2384"]
[BlackElo "2148"]

1. d4 d5 2. c4 e6 3.
Nf3 a6 4. Nbd2 c5 5. cxd5 cxd4 6. dxe6 Bxe6 7. Nb3 Bb4+ 8. Bd2 Bxd2+ 9. Qxd2 Bxb3 10. axb3 Nc6 11. Rd1 Nf6 12. g3 O-O 13. Bh3 Qb6 14. O-O Rad8 15. Qd3 Rfe8 16. Rfe1 h6 17. Rc1 Ne4 18. Nh4 Ng5 19.
Bg2 Ne5 20. Qd1 d3 21. exd3 Rxd3 22. Qc2 Rxb3 23. Kh1 Rxb2 24. Qa4 Qb5 25. Qd4 f6 26. f4 Ne6 27. Bd5 Ng4 28. Rxe6 Rxh2+ 29. Kg1 Rxe6 30. Bxe6+ Kh7 31. Bf5+ Kg8 32. Qd8+ Kf7 33. Rc7+ 1-0

[Event "Championnat de France Universitaire 2022"]
[Site "Limoges, France"]
[Date "2022.02.06"]
[Round "7.3"]
[White "Profili, Emilio"]
[Black "Albaric, Etienne"]
[Result "1-0"]
[TimeControl "15'+5''"]
[WhiteElo "2097"]
[BlackElo "2235"]

1. e4 e5 2. Nf3 Nc6 3. Bc4 Bc5 4. c3 Nf6 5. d3 d6 6. Bb3 a6 7. h3 h6 8. Nbd2 Ba7 9. Nf1 Be6 10.
Be3 d5 11. Bxa7 Rxa7 12. Ng3 O-O 13. O-O Re8 14. Re1 Ra8 15. Qe2 b5 16. Nh4 d4 17. Nhf5 Bxf5 18. Nxf5 Ne7 19. Ng3 c5 20.
Rf1 Qd6 21. f4 Rad8 22. Nh5 c4 23.
dxc4 d3 24. Qf3 Nxh5 25. Qxh5 bxc4 26. Ba4 Rf8 27. fxe5 Qb6+ 28. Rf2 d2 29. Raf1 Qg6 30. Qf3 Rd3 31. Qf4 Qg5 32. Qxg5 hxg5 33. Bc2 Rdd8 34. Rd1 Ng6 35.
Rfxd2 Rxd2 36. Rxd2 Nxe5 37. Rd5 f6 38. Ra5 Rb8 39. b3 Rd8 40. bxc4 Kh7 41. Rxa6 Rd2 42. Bb3 Nd3 43. Rd6 Kg8 44. c5+ Kf8 45. Bc4 Rd1+ 46. Kh2 Nb2 47. Rxd1 Nxd1 48. Kg3 Nxc3 49. Bd5 Ke7 50. Kf3 Na4 51. c6 Kd6 52.
Ke3 Nc3 53. Kd3 Na4 54. Kc4 Nb2+ 55. Kb5 Kc7 56. a4 Nd1 57. a5 Nc3+ 58. Kc4 Nd1 59. Kc5 Ne3 60. a6 Kb8 61. Kb6 1-0

[Event "Championnat de France Universitaire 2022"]
[Site "Limoges, France"]
[Date "2022.02.06"]
[Round "7.5"]
[White "Bosc, Gabriel"]
[Black "Aghamir Alrobiai, Nizar"]
[Result "1/2-1/2"]
[TimeControl "15'+5''"]
[WhiteElo "2050"]
[BlackElo "2118"]

1. e4 e6 2. Nf3 c5 3. d4 cxd4 4. Nxd4 Nc6 5. Be3 Qc7 6. Nc3 a6 7. f4 b5 8. Qf3 Bb7 9. Bd3 Rc8 10.
O-O Nxd4 11. Bxd4 Bc5 12. Bxc5 Qxc5+ 13. Kh1 Ne7 14. Qg3 O-O 15. e5 f5 16. Qf2 Nd5 17. Qxc5 Rxc5 18. Nxd5 Bxd5 19.
Rfd1 Rfc8 20. c3 h6 21. Kg1 g5 22. g3 Kf7 23. Kf2 g4 24. Rd2 h5 25. a4 Rh8 26. axb5 axb5 27. Ke3 b4 28. cxb4 Rc7 29. Bxf5 Rb8 30.
Be4 Bxe4 31. Kxe4 Rxb4+ 32. Ke3 Rb3+ 33. Ke2 Rcb7 34. Ra2 Kg6 35. Kd1 Kf5 36.
Ke2 h4 37. Ra3 hxg3 38. hxg3 Rxb2 39. Rad3 R2b3 40. Kf2 Rxd3 41. Rxd3 Rb2+ 42. Ke3 Rg2 43. Kd4 Rf2 44. Re3 Rd2+ 45. Rd3 Rf2 46. Re3 Rd2+ 47. Rd3 Rf2 48. Re3 Kxe5+ 1/2-1/2

[Event "Championnat de France Universitaire 2022"]
[Site "Limoges, France"]
[Date "2022.02.06"]
[Round "7.4"]
[White "Gault, Emmanuel"]
[Black "Bouslimi, Nabil"]
[Result "1/2-1/2"]
[TimeControl "15'+5''"]
[WhiteElo "2041"]
[BlackElo "2052"]

1. c4 e5 2. Nc3 Nf6 3.
g3 Be7 4. Bg2 c6 5. d4 d6 6. e3 O-O 7. Nge2 Be6 8. b3 Qc8 9. O-O Bh3 10. Bb2 Bxg2 11. Kxg2 Rd8 12. Qc2 Nbd7 13.
Rad1 b5 14. cxb5 cxb5 15. Qd3 b4 16. Ne4 Qb7 17. f3 Nxe4 18. Qxe4 Qxe4 19. fxe4 Rac8 20. Rc1 Nf6 21. Kf3 d5 22.
dxe5 dxe4+ 23. Kf4 Nd7 24. Bd4 f6 25. exf6 Bxf6 26. Kxe4 Re8+ 27. Kd3 Rcd8 28. Rc7 a5 29. Kc2 Bxd4 30.
Nxd4 Rxe3 31. Nc6 Rc3+ 32. Kb1 Nf6 33. Rxg7+ Kxg7 34. Nxd8 Ng4 35. Ne6+ Kg6 36. Nf4+ Kg5 37. h4+ Kh6 38.
Ne2 Re3 39. Rf4 Ne5 40. Nd4 Re1+ 41. Kc2 Rg1 42. Re4 Ng6 43. Nf5+ Kh5 44. Ng7+ Kh6 45. Nf5+ Kh5 46. Ng7+ Kh6 47. Nf5+ 1/2-1/2

[Event "Championnat de France Universitaire 2022"]
[Site "Limoges, France"]
[Date "2022.02.06"]
[Round "7.1"]
[White "Rakotomaharo, Fy Antenaina"]
[Black "Defromont, Benjamin"]
[Result "1-0"]
[TimeControl "15'+5''"]
[WhiteElo "2474"]
[BlackElo "2263"]

1. e4 e5 2. Nf3 Nc6 3. Bb5 a6 4. Ba4 Nf6 5. d3 d6 6. c3 g6 7. O-O Bg7 8. Re1 O-O 9. Nbd2 b5 10.
Bc2 Bb7 11. a4 b4 12. a5 Re8 13. Bb3 h6 14. cxb4 Nxb4 15. Bxf7+ Kxf7 16. Qb3+ Ke7 17. Qxb4 Rb8 18. Nxe5 Ba8 19.
Qa3 g5 20. Nf1 Kf8 21. Nf3 Bc6 22. Ng3 Bd7 23. e5 Ng4 24. d4 Bc6 25. h3 Bxf3 26. Qxf3+ Nf6 27. Re3 g4 28. hxg4 dxe5 29.
dxe5 1-0

[ePGN "0.1;DGT LiveChess/2.2.5"]

[Event "Championnat de France Universitaire 2022"]
[Site "Limoges, France"]
[Date "2022.02.06"]
[Round "8.3"]
[White "Defromont, Benjamin"]
[Black "Bosc, Gabriel"]
[Result "0-1"]
[TimeControl "15'+5''"]
[WhiteElo "2263"]
[BlackElo "2050"]

1. e4 e6 2. d4 d5 3. Nc3 dxe4 4. Nxe4 Nf6 5. Nxf6+ gxf6 6. Nf3 Nc6 7. Be3 b6 8. g3 Bb7 9.
Bg2 Qd7 10. O-O O-O-O 11. c4 h5 12. Qe2 Ne7 13. b4 Nf5 14. b5 h4 15. a4 hxg3 16. hxg3 Bh6 17. Bxh6 Rxh6 18. Rfd1 Rdh8 19. Qd2 Kb8 20. a5 Nd6 21.
Qe2 Nf5 22. Qd2 Nd6 23. Qc1 Ne4 24.
axb6 cxb6 25. c5 Qxb5 26. Rb1 Qe2 27. Rb2 Rh1+ 28. Bxh1 Rxh1+ 29. Kxh1 Qxf3+ 30. Kg1 Nc3 31. c6 Bxc6 32. d5 Nxd1 33. Qxc6 Nxb2 34. Qd6+ Kc8 35. Qf8+ Kb7 36. Qxf7+ Ka6 37. Qxe6 Nd3 38. Qc8+ Kb5 39. Qc6+ Kb4 40.
Qd6+ Kb3 41. Qe6 Qxf2+ 42. Kh1 0-1

[Event "Championnat de France Universitaire 2022"]
[Site "Limoges, France"]
[Date "2022.02.06"]
[Round "8.1"]
[White "Rakotomaharo, Fy Antenaina"]
[Black "Gatineau, Yovann"]
[Result "1-0"]
[TimeControl "15'+5''"]
[WhiteElo "2474"]
[BlackElo "2384"]

1. e4 e5 2. Nf3 Nc6 3. Bb5 a6 4. Ba4 Nf6 5. d3 b5 6. Bb3 Bc5 7. O-O O-O 8. c3 d6 9.
h3 Rb8 10. Re1 Bb7 11. Nbd2 d5 12. exd5 Nxd5 13. Ne4 Be7 14. Ng3 Nf4 15. d4 Re8 16. Nxe5 Nxe5 17. Bxf4 Nc4 18. Qg4 Bf8 19.
Nh5 Kh8 20. Rxe8 Qxe8 21. Bxc4 bxc4 22. Be5 f6 23. Nxf6 Qc8 24. Nd7 Ra8 25. b3 Bd5 26. bxc4 Bxc4 27. Re1 Bb5 28. Nxf8 Qxg4 29.
hxg4 Rxf8 30. Bxc7 Rc8 31. Ba5 Bc4 32. a3 Kg8 33. Re7 Rc6 34. f3 h6 35. Ra7 Kh7 36. Bc7 Kg6 37. Be5 Bf7 38. f4 Rc5 39. dxc5 Bd5 40.
Rxg7# 1-0

[Event "Championnat de France Universitaire 2022"]
[Site "Limoges, France"]
[Date "2022.02.06"]
[Round "8.2"]
[White "Bouslimi, Nabil"]
[Black "Profili, Emilio"]
[Result "0-1"]
[TimeControl "15'+5''"]
[WhiteElo "2052"]
[BlackElo "2097"]

1. d4 Nf6 2. c4 c5 3. d5 b5 4.
cxb5 a6 5. b6 d6 6. Nc3 Qxb6 7. g3 g6 8. Bg2 Bg7 9.
Nf3 O-O 10. O-O Nbd7 11. Qc2 Rb8 12. e4 a5 13. Rb1 Ba6 14. Rd1 Rfc8 15. h3 Qc7 16. Bf4 c4 17. Nd4 Nc5 18. Nc6 Rb7 19.
b3 cxb3 20. axb3 Nh5 21. Na4 Nxf4 22. gxf4 Bb5 23. Nxc5 dxc5 24. Qxc5 Bxc6 25. dxc6 Rb4 26. Rd7 Qxf4 27. Qxe7 Be5 28.
Rd8+ Rxd8 29. Qxd8+ Kg7 30. Qxa5 Rd4 31. Qe1 Rd2 32.
Qe3 Qh2+ 33. Kf1 Rc2 34. Qb6 Qf4 35. Qe3 Qf6 36. b4 Bd4 37.
Qg3 Rxf2+ 38. Ke1 Bc3+ 39. Kd1 Qd4+ 0-1

[Event "Championnat de France Universitaire 2022"]
[Site "Limoges, France"]
[Date "2022.02.06"]
[Round "8.4"]
[White "Aghamir Alrobiai, Nizar"]
[Black "Dubuisson, Samuel"]
[Result "1-0"]
[TimeControl "15'+5''"]
[WhiteElo "2118"]
[BlackElo "2039"]

1. e4 d6 2. d4 Nf6 3.
Nc3 Nbd7 4. f4 e5 5. Nf3 exd4 6. Qxd4 c6 7. Be3 d5 8.
exd5 Bc5 9. Qd2 Qe7 10. Nd4 Nxd5 11.
Nxd5 cxd5 12. Nf5 Bxe3 13. Qxe3 Qxe3+ 14. Nxe3 d4 15. Nf5 O-O 16. O-O-O Nc5 17. Ne7+ Kh8 18. Nxc8 Raxc8 19. Rxd4 Ne6 20. Rb4 b6 21. g3 Nc5 22.
Rd4 Rfe8 23. Bb5 Re7 24. Rhd1 g6 25. Rd8+ Rxd8 26. Rxd8+ Kg7 27. Re8 Rc7 28.
Re3 Kf6 29. Be2 h5 30. Bf3 Rd7 31. b4 Ne6 32. c3 Ng7 33. Kc2 Nf5 34. Re2 Rc7 35. Kb3 Rd7 36. Be4 Re7 37. Bd3 Rd7 38. Bxf5 Kxf5 39. h3 h4 40. Re5+ Kf6 41. gxh4 Rd3 42. h5 Rxh3 43. hxg6 fxg6 44.
Rd5 Ke6 45. Rd8 Kf5 46. Rf8+ Ke6 47. a4 Rf3 48. Rg8 Kf5 49. Rg7 a5 50. Rf7+ Ke6 51. Rb7 Rxf4 52. Rxb6+ Kf5 53. bxa5 Rf1 54. Rd6 Rb1+ 55. Kc4 g5 56. a6 Ra1 57. Kb5 Rb1+ 58.
Ka5 Ke5 59. Rg6 Kd5 60. Rxg5 Kc6 61. Rb5 Rh1 62. a7 Rh8 63. Rb8 Rh5+ 64. Kb4 Rh4+ 65. c4 1-0

[Event "Championnat de France Universitaire 2022"]
[Site "Limoges, France"]
[Date "2022.02.06"]
[Round "8.5"]
[White "Blanchet, Mathieu"]
[Black "Gault, Emmanuel"]
[Result "0-1"]
[TimeControl "15'+5''"]
[WhiteElo "1977"]
[BlackElo "2041"]

1. d4 Nf6 2. Bg5 e6 3. e4 h6 4. Bxf6 Qxf6 5. c3 d5 6. e5 Qd8 7. Bd3 c5 8. Ne2 Nc6 9. O-O Bd7 10. Nd2 Rb8 11. f4 Qb6 12.
Nf3 Qxb2 13. a3 Qb6 14. Kh1 Be7 15. g4 h5 16. g5 g6 17. Rb1 Qa5 18. a4 cxd4 19. Rb5 Qc7 20. cxd4 Nb4 21.
Rxb4 Bxb4 22. f5 exf5 23. Qb3 Qa5 24. Rb1 Be7 25. Nf4 Qxa4 26. Qb2 Bc6 27. e6 Bd6 28. exf7+ Kxf7 29. Ra1 Qb4 30.
Ne5+ Kg7 31. Qxb4 Bxb4 32. Nxc6 bxc6 33. Rxa7+ Kg8 34. Nxg6 Rh7 35. Ra6 Bd2 36. Bxf5 Bxg5 37. Rxc6 Ra7 38. Ne5 Ra1+ 39. Kg2 Rb2+ 40. Kf3 Rf1+ 41. Kg3 Bf4+ 42.
Kh4 Rxh2+ 43. Bh3 Rfh1 44. Rc3 Bxe5 45. dxe5 Kf7 46. e6+ Ke7 47. Rc7+ Kd8 48. Rd7+ Ke8 49. Rxd5 Rxh3+ 50. Kg5 Ke7 51. Kf5 Rf1+ 52. Ke5 Re3+ 53. Kd4 Rd1+ 0-1

[ePGN "0.1;DGT LiveChess/2.2.5"]

[Event "Championnat de France Universitaire 2022"]
[Site "Limoges, France"]
[Date "2022.02.06"]
[Round "9.1"]
[White "Profili, Emilio"]
[Black "Rakotomaharo, Fy Antenaina"]
[Result "0-1"]
[TimeControl "15'+5''"]
[WhiteElo "2097"]
[BlackElo "2474"]

1. e4 e5 2. Nf3 Nc6 3. Bc4 Bc5 4. c3 Nf6 5.
d3 a5 6.
a4 d6 7.
Bb3 O-O 8. h3 Ne7 9. O-O Ng6 10. d4 Ba7 11. Re1 h6 12. Nbd2 Re8 13. Bc2 Nh5 14. Nc4 Qf6 15. Ne3 Nhf4 16.
Nd5 Nxd5 17. exd5 Bf5 18. dxe5 dxe5 19. Bxf5 Qxf5 20. Be3 Bxe3 21. Rxe3 e4 22. Nh2 Nf4 23. c4 Ra6 24. Nf1 Qe5 25. Qc2 Rb6 26. Rb1 f5 27.
b3 Nd3 28. f3 Qd4 29. Kh1 f4 30. Rxe4 Nf2+ 31. Kh2 Nxe4 32. fxe4 Rxe4 33. Rd1 Qe5 34. Kg1 Rg6 35. Qd3 Rg5 36. Rd2 Re1 0-1

[Event "Championnat de France Universitaire 2022"]
[Site "Limoges, France"]
[Date "2022.02.06"]
[Round "9.2"]
[White "Gault, Emmanuel"]
[Black "Aghamir Alrobiai, Nizar"]
[Result "0-1"]
[TimeControl "15'+5''"]
[WhiteElo "2041"]
[BlackElo "2118"]

1. c4 Nf6 2. Nc3 d5 3. cxd5 Nxd5 4. g3 g6 5. Bg2 Nb6 6. b3 Bg7 7.
Bb2 O-O 8. Nf3 e5 9. d3 Nc6 10. O-O Nd4 11.
Qd2 c6 12. Rac1 Be6 13. Ne4 Nxf3+ 14. Bxf3 Bd5 15. Bg2 Re8 16. Rfd1 a5 17. Nc5 Bxg2 18. Kxg2 Qe7 19. h3 a4 20.
b4 a3 21. Ba1 Nd5 22. e4 Nf6 23. Rc2 Red8 24. Qc3 Ne8 25. Rf1 Nd6 26. f4 Nb5 27. Qc4 Nd4 28. Rcf2 b5 29. Qc3 exf4 30.
Rxf4 Ne6 31. Qc1 Nxf4+ 32. Qxf4 Bxa1 33. Rxa1 Rd4 34. Qd2 h5 35. Rf1 h4 36. gxh4 Qxh4 37. Qc3 Rad8 38. Qxa3 Qg5+ 39. Kf3 Qd2 40. Qc1 Rxd3+ 41. Nxd3 Rxd3+ 42. Kg4 Qg2+ 43.
Kf4 Qg3# 0-1

[Event "Championnat de France Universitaire 2022"]
[Site "Limoges, France"]
[Date "2022.02.06"]
[Round "9.3"]
[White "Bosc, Gabriel"]
[Black "Valles, Manuel"]
[Result "0-1"]
[TimeControl "15'+5''"]
[WhiteElo "2050"]
[BlackElo "2362"]

1. e4 c5 2. Nf3 g6 3.
d4 cxd4 4. Nxd4 Bg7 5. c4 Nc6 6. Be3 Nf6 7. Nc3 d6 8.
Be2 O-O 9. O-O Bd7 10. Nc2 Qa5 11. a3 Rfc8 12.
b4 Qd8 13. f4 Ng4 14. Bxg4 Bxc3 15. Rb1 Bxg4 16. Qxg4 a5 17. b5 Nb8 18. c5 Nd7 19. cxd6 Nf6 20. Qf3 exd6 21. Kh1 Qe8 22. f5 Qxe4 23. fxg6 hxg6 24. Bg5 Qxf3 25.
Rxf3 Ne4 26. Bf4 Be5 27. Bxe5 Nd2 28. Rh3 dxe5 29. Rb2 Rc4 30. Kg1 Rac8 31. Ne3 Rc1+ 32. Kf2 Ne4+ 33. Ke2 Nc3+ 34.
Kd2 Rg1 35. Rc2 Ne4+ 36. Kd3 Rxc2 37. Kxc2 f5 38. Rf3 f4 39. Nc4 Rxg2+ 40. Kd3 Nc5+ 41. Kc3 Re2 42. Rh3 Kg7 43. Rf3 Kf6 44.
Rh3 e4 45. Kd4 Ne6+ 46. Kd5 f3 47.
Nd6 Nf4+ 48. Kd4 Ke5+ 0-1

[Event "Championnat de France Universitaire 2022"]
[Site "Limoges, France"]
[Date "2022.02.06"]
[Round "9.4"]
[White "Gatineau, Yovann"]
[Black "Dalaud, Dorian"]
[Result "1-0"]
[TimeControl "15'+5''"]
[WhiteElo "2384"]
[BlackElo "2275"]

1. d4 Nf6 2. Bf4 g6 3. Nc3 d5 4. e3 Bg7 5. h4 h5 6. Nf3 O-O 7. Ne5 c5 8. Qd2 Nc6 9. O-O-O cxd4 10. exd4 Bf5 11. f3 Qa5 12. Kb1 Rac8 13. Nxc6 Rxc6 14. Bd3 Bxd3 15. Qxd3 Rfc8 16. Bd2 Rc4 17.
g4 hxg4 18. h5 Nxh5 19. fxg4 Rxd4 20. Qf3 Nf6 21. g5 Ng4 22. Rdf1 Ne5 23. Qh3 Rc6 24. Qh7+ Kf8 25. Qh8+ Bxh8 26. Rxh8+ Kg7 27. Rfh1 Rxd2 28.
R1h7# 1-0

[Event "Championnat de France Universitaire 2022"]
[Site "Limoges, France"]
[Date "2022.02.06"]
[Round "9.5"]
[White "Albaric, Etienne"]
[Black "Gemci, Arda"]
[Result "0-1"]
[TimeControl "15'+5''"]
[WhiteElo "2235"]
[BlackElo "1355"]

1. e4 c6 2. d4 d5 3. Nd2 dxe4 4. Nxe4 Bf5 5. Ng3 Bg6 6.
Nh3 e5 7. dxe5 Qa5+ 8. c3 Qxe5+ 9. Be2 Bc5 10. Nf4 Ne7 11. Qb3 Qc7 12. h4 h6 13. Nfh5 Rg8 14. Bf4 Qb6 15. O-O Qxb3 16.
axb3 Nd5 17. b4 Be7 18. Rfe1 Kf8 19.
Bc4 Nb6 20. Bb3 N8d7 21. Rad1 Rh8 22. Bd6 Re8 23. Nxg7 Kxg7 24. Bxe7 Nf6 25. c4 Nc8 26. Bc5 Rxe1+ 27. Rxe1 Rd8 28. Rd1 Rxd1+ 29. Bxd1 Bd3 30. Bd4 Bg6 31. h5 Bd3 32. b3 Ne7 33. f3 a6 34. Kf2 Neg8 35.
Ke3 Bb1 36. Kf4 Kf8 37. Ke5 Ke7 38. Bc5+ Kd7 39. Bf8 Kc7 40. Bg7 Nd7+ 41. Kd4 b6 42. Nf5 Bxf5 43. g4 Bb1 44. f4 Kd6 45. g5 c5+ 46. Kc3 f6 47. g6 Ke6 48. Bf3 Kf5 49. Bd5 Ne7 50. Bxh6 Kg4 51. g7 Kxh5 52. g8=Q Nxg8 53. Bxg8 Kxh6 54. Be6 cxb4+ 55.
Kxb4 Nc5 56. Bc8 Be4 57. Kc3 a5 58.
Bg4 f5 59. Be2 Kg6 60. b4 axb4+ 61. Kxb4 Bc6 62. Bd1 Kf6 63.
Bc2 Be4 64. Bd1 Bd3 65. Kb5 Ne6 66.
Bf3 Nxf4 67. Kxb6 Bxc4 68. Kc5 Be2 69. Bc6 Kg5 70. Bd7 Bd3 71. Kd4 Be4 72. Ke3 Kg4 73. Bc8 Nd5+ 74. Kf2 Kf4 75. Bd7 Ne3 76. Bc8 Ng4+ 77.
Ke1 Nh2 78. Kf2 Nf3 79. Bd7 Ne5 80. Bc8 Nd3+ 81. Ke2 Ke5 82. Bd7 f4 83. Bg4 Nc1+ 84. Kd1 Nb3 85. Ke2 Kd4 86. Kf2 Nc1 87. Bh5 Kc3 88. Bg4 Kd2 89. Bh5 Nd3 90. Kf1 Ke3 91. Bg4 Bf3 92. Bf5 Be2+ 93. Kg1 f3 94.
Bh3 Nf4 95. Bf1 0-1